 Dungeon Crawl Stone Soup version 0.32-a0-306-gfed3edf829 (webtiles) character file.

Game seed: 7202366234967097170

35185 cforsyth the Warrior (level 14, 0/121 HPs)
             Began as a Djinni Ice Elementalist on Feb 14, 2024.
             Slain by a komodo dragon (20 damage)
             ... on level 5 of the Lair of Beasts on Feb 15, 2024.
             The game lasted 00:52:07 (21547 turns).

cforsyth the Warrior (Djinni Ice Elementalist)     Turns: 21547, Time: 00:52:08

Health: 0/121      AC: 10    Str:  7    XL:     14   Next: 17%
Gold:   490        EV: 12    Int: 22    God:
                   SH:  0    Dex: 14

rFire   + + .        a - +5 mace of Impish Fortitude {freeze, +Blink rN+}
rCold   x . .        h - orb {light}
rNeg    + . .        p - +0 robe
rPois   ∞            E - +2 helmet {SInv}
rElec   .            (no cloak)
rCorr   +            s - +0 pair of gloves
SInv    +            (boots unavailable)
Will    +....        (no amulet)
Stlth   +            R - ring of resist corrosion
HPRegen 0.40/turn    T - +4 ring of protection
MPRegen 0.00/turn

%: infuse magic (-1 HP)
@: brilliant, flying, mesmerised, glowing
A: sickness immunity, fire resistance 2, cold vulnerability 1, float, innate
caster, HP casting, extra vitality 1
a: Evoke Blink


You were on level 5 of the Lair of Beasts.
You visited 2 branches of the dungeon, and saw 17 of its levels.
You also visited: Bailey.

You collected 769 gold pieces.
You spent 279 gold pieces at shops.


Innate Abilities, Weirdness & Mutations

You are immune to sickness and miasma.
You are immune to poison.
Your flesh is very heat resistant. (rF++)
You are vulnerable to cold. (rC-)
You float through the air rather than walking.
You learn spells naturally, not from books.
Your magical power is your life essence.
You have superior vitality. (+4 MHP)


   Skills:
 + Level 18.4 Fighting
 - Level 2.1 Dodging
 - Level 1.5 Stealth
 + Level 13.3 Spellcasting
 + Level 13.3 Conjurations
 + Level 13.3 Hexes
 + Level 13.3 Summonings
 + Level 13.3 Necromancy
 + Level 13.3 Translocations
 + Level 13.3 Fire Magic
 + Level 13.3 Ice Magic
 + Level 13.3 Air Magic
 + Level 13.3 Earth Magic
 + Level 13.3 Alchemy


You knew the following spells:

 Your Spells              Type           Power      Damage    Failure   Level
a - Animate Dead          Necr           84%        N/A       1%          4
b - Summon Ice Beast      Ice/Summ       84%        N/A       1%          3
c - Freezing Cloud        Conj/Ice/Air   42%        6-21      1%          5
d - Tukima's Dance        Hex            84%        N/A       1%          3
f - Freeze                Ice            100%       1d10      1%          1
l - Lesser Beckoning      Tloc           100%       N/A       1%          2
o - Ozocubu's Armour      Ice            84%        N/A       1%          3
r - Frozen Ramparts       Ice            100%       1d16      1%          3
z - Shock                 Conj/Air       100%       1d9       1%          1
X - Vhi's Electric Charg  Tloc/Air       100%       N/A       1%          4
Your spell library was empty.

Inventory:

Hand Weapons
 a - the +5 mace of Impish Fortitude (weapon) {freeze, +Blink rN+}
   (You found it on level 4 of the Dungeon)

   rN+:       It protects you from negative energy.
   +Blink:    It lets you blink.
Armour
 h - an orb of light (worn)
 p - a +0 robe (worn)
 s - a +0 pair of gloves (worn)
 E - a +2 helmet of see invisible (worn)
Jewellery
 n - a ring of positive energy
 N - a ring of positive energy
 R - a ring of resist corrosion (left hand)
 T - a +4 ring of protection (right hand)
 W - a ring of willpower
Wands
 j - a wand of polymorph (3)
 q - a wand of roots (12)
 u - a wand of digging (22)
 x - a wand of flame (36)
 A - a wand of light (3)
Scrolls
 e - a scroll of revelation
 k - 6 scrolls of enchant armour
 m - a scroll of vulnerability
 o - a scroll of fog {unknown}
 r - a scroll of noise
 w - 2 scrolls of identify {@r1}
 y - a scroll of blinking
 D - a scroll of enchant weapon
Potions
 c - 6 potions of curing {@q1}
 f - 3 potions of lignification
 i - a potion of mutation
 l - 2 potions of might
 t - a potion of invisibility {unknown}
 z - a potion of brilliance
 B - 3 potions of berserk rage {!q}
 C - a potion of resistance {unknown}
 F - a potion of degeneration {unknown}
 G - a potion of haste {unknown}
Miscellaneous
 H - a phial of floods

Dungeon Overview and Level Annotations

Branches:
Dungeon (12/15)            Temple (0/1) D:5            Lair (5/5) D:8
  Swamp (0/4) Lair:3       Spider (0/4) Lair:3       Bailey (visited)
  Slime: Lair:4-5       Orc: D:9-12

Altars:
Ashenzari
Cheibriados
Gozag
Nemelex Xobeh
Ru
Uskayaw
Xom
Zin
The Shining One

Shops:
D:3 (   D:9 [   D:11 (   D:12 [

Annotations:
D:7 1 runed translucent door, Crazy Yiuf
D:8 3 runed translucent doors, TheLasagnaBaron's ghost, novice GrEE
D:11 2 transporters, exclusion: oklob plant, Sirjeffry24's ghost, journeyman MiFi
D:12 Fannar; Frances; Lodul; Rupert
Lair:1 2 transporters, 3 runed translucent doors, Gryn's ghost, journeyman FoHu
Lair:2 2 transporters, retardedninja's ghost, journeyman MDFi
Lair:3 1 runed translucent door, exclusion: oklob plant, Tacw's ghost, journeyman MeSh

b▒▒▒▒.▒~.▒▒▒▒▒~~~~
▒b~P~b~bb.~~ß▒~~~~.###...###
▒~~~~~~b▒~~~~▒~~▒▒~..#.....## #.Y
▒~bbb~bPbbb~~▒~~▒▒~.......... ...
▒▒~~~▒~P▒~~W▒▒§~~~~..........#...
~~~bb~~~b~.~b~~~.~~...$.....#..Y#
▒▒.~▒▒~~~~.~▒▒~~▒▒~.............#
~~~ ▒~~▒▒~~▒b~m▒▒F........##.Y##
~~~~ ~~~.~.....l@ky...t..S.#.††#.
..........lD.b..S....†<...
#..#.....##P#.P...#.##.....
#.#....P#######...#..###.#b
#.....## #.##...##....... .....
................ ...
................ ..........####..
..........######


You could see a merfolk avatar (mesmerising), a four-headed hydra, a sea snake,
a snapping turtle, 2 komodo dragons, a cane toad, a hornet, a wyvern and a
drowned soul (summoned).


Message History

* * * LOW HITPOINT WARNING * * *
The merfolk avatar chants its luring song.
You thump the plant!
The plant begins to die.
You freeze the plant.
The plant is lightly damaged.
The pull of its song draws you forwards.
The cane toad misses you.
The merfolk avatar chants its luring song. x2
Unknown command.
Cast which spell? (? or * to list)
Aiming: Vhi's Electric Charge (safe; 1% risk of failure)
Press: ? - help, Shift-Dir - straight line, f - merfolk avatar
Aim: a merfolk avatar (lightly wounded, mesmerising, 80% to hit)
You charge forward with an electric crackle!
You sock the merfolk avatar and electrocute it!
You freeze the merfolk avatar.
The merfolk avatar is moderately wounded.
* * * LOW HITPOINT WARNING * * *
The merfolk avatar chants its luring song.
Unknown command.
Unknown command.
Unknown command.
Unknown command.
Okay, then.
Unknown command.
It was a potion of brilliance.
You feel clever all of a sudden. The wyvern bites you!
* * * LOW HITPOINT WARNING * * *
The blink frog blinks!
The komodo dragon bites you!!
You die...

Skill      XL: |  1  2  3  4  5  6  7  8  9 10 11 12 13 |
---------------+----------------------------------------+-----
Spellcasting   | 4 5 6 7 8 9 10 12 13 | 13.3
Conjurations   | 4 5 6 7 8 9 10 12 13 | 13.3
Hexes          | 4 5 6 7 8 9 10 12 13 | 13.3
Summonings     | 4 5 6 7 8 9 10 12 13 | 13.3
Necromancy     | 4 5 6 7 8 9 10 12 13 | 13.3
Translocations | 4 5 6 7 8 9 10 12 13 | 13.3
Fire Magic     | 4 5 6 7 8 9 10 12 13 | 13.3
Ice Magic      | 4 5 6 7 8 9 10 12 13 | 13.3
Air Magic      | 4 5 6 7 8 9 10 12 13 | 13.3
Earth Magic    | 4 5 6 7 8 9 10 12 13 | 13.3
Alchemy        | 4 5 6 7 8 9 10 12 13 | 13.3
Fighting       | 1 4 5 6 9 11 14 16 18 | 18.4
Dodging        | |  2.1
Stealth        | |  1.5

Action                     |  1- 3 |  4- 6 |  7- 9 | 10-12 | 13-15 || total
---------------------------+-------+-------+-------+-------+-------++-------
  Melee: Unarmed           |       |     1 |       |       |       ||     1
         Mace              |       |       |     3 |    17 |    55 ||    75
   Cast: Freeze            |    19 |       |     3 |    39 |    19 ||    80
         Shock             |    29 |    70 |   191 |   370 |   192 ||   852
         Frozen Ramparts   |       |     2 |    15 |    53 |    26 ||    96
         Summon Ice Beast  |       |     2 |     8 |    78 |    23 ||   111
         Ozocubu's Armour  |       |     1 |       |     2 |     5 ||     8
         Lesser Beckoning  |       |       |     2 |     4 |       ||     6
         Freezing Cloud    |       |       |       |       |    16 ||    16
         Vhi's Electric Ch |       |       |       |       |     1 ||     1
  Evoke: Wand              |       |       |       |     1 |     1 ||     2
    Use: Scroll            |       |       |       |    27 |     8 ||    35
         Potion            |       |       |       |     3 |     4 ||     7
 Armour: Robe              |     6 |     3 |     2 |   184 |   204 ||   399
         Skin              |       |       |    49 |    76 |       ||   125
  Dodge: Dodged            |    16 |     6 |    43 |   173 |   137 ||   375

Levels and vault maps discovered:
D:1:      dpeg_arrival_shrine, layout_loops_corners, hangedman_decor_push
D:2:      layout_rooms, dreamdust_ecumenical_altar_statues
D:3:      layout_loops_ring, serial_shops, nicolae_shop_window_shopping
D:4:      layout_basic, uniq_menkaure, uniq_pikel
D:5:      layout_loops_ring, minmay_temple_entry_purple_smoke,
          minmay_misc_feat_more_columns
D:6:      layout_basic, lemuel_round_altar, led_sif_pool
D:7:      layout_loops_ring, ashenzari_conservatory_becter,
          uniq_crazy_yiuf_cottage, uniq_jeremiah
D:8:      layout_basic, regret_index_xom_of_box, vehumet_altar_wand_db,
          lair_entry_dummy, ebering_ghost_gozag, enter_bailey_2
D:9:      layout_basic, nicolae_ru_great_annihilating_truth,
          chequers_temple_overflow_statue_of_worship, serial_shops, shop,
          uniq_prince_ribbit1, uniq_erolcha
D:10:     layout_gridville, chei_slow_surprise, marbit_many_paths
D:11:     layout_grid_maze, david_orc_3, serial_shops, shop,
          nicolae_shop_peninsula, nicolae_stop_n_shop_2,
          nicolae_shop_mannequins, nzn_ghost_randoct, tgw_trog
D:12:     nicolae_aperiodic_l_corner, layout_basic,
          ebering_ghost_reflecting_pool, serial_shops, shop,
          kennysheep_mini_moat, shop, nicolae_shop_tiny_statue_garden,
          nicolae_shop_getting_attention, uniq_rupert, uniq_lodul, uniq_fannar,
          uniq_frances
Lair:1:   gammafunk_boulding_lane, layout_misc_corridors,
          gammafunk_ghost_hydra_chop, infiniplex_staircase_pool_2,
          lemuel_fruit_tree, uniq_grum, uniq_erica
Lair:2:   layout_cave_pods, gammafunk_ghost_wrathful_warriors,
          infiniplex_staircase_pool, grunt_megastairs_5
Lair:3:   layout_loops_ring, swamp_mist, dummy_spider_entry,
          hellmonk_ghost_happy_afterlife, uniq_gastronok
Lair:4:   layout_regular_city
Lair:5:   gammafunk_lair_ancient_temple, layout_long_grid, slime_entry_1,
          grunt_megastairs_4

Notes
Turn   | Place    | Note
-------+----------+-------------------------------------------
     0 | D:1      | cforsyth the Djinni Ice Elementalist began the quest for
                  | the Orb.
     0 | D:1      | cforsyth set off with the following spells memorised:
                  | Freeze, Frozen Ramparts, Ozocubu's Armour, Summon Ice
                  | Beast.
     0 | D:1      | Reached XP level 1. HP: 15/15 MP: 0/0
   184 | D:1      | Reached XP level 2. HP: 20/21 MP: 0/0
   271 | D:1      | Reached skill level 4 in Spellcasting
   271 | D:1      | Reached skill level 4 in Conjurations
   271 | D:1      | Reached skill level 4 in Hexes
   271 | D:1      | Reached skill level 4 in Summonings
   271 | D:1      | Reached skill level 4 in Necromancy
   271 | D:1      | Reached skill level 4 in Translocations
   271 | D:1      | Reached skill level 4 in Fire Magic
   271 | D:1      | Reached skill level 4 in Ice Magic
   271 | D:1      | Reached skill level 4 in Air Magic
   271 | D:1      | Reached skill level 4 in Earth Magic
   271 | D:1      | Reached skill level 4 in Alchemy
   369 | D:1      | Reached XP level 3. HP: 23/25 MP: 0/0
   369 | D:1      | Learned a level 1 spell: Shock
  1091 | D:2      | Found a faded altar of an unknown god.
  1164 | D:2      | Reached XP level 4. HP: 30/31 MP: 0/0
  1741 | D:3      | Reached skill level 1 in Fighting
  1741 | D:3      | Reached XP level 5. HP: 30/37 MP: 0/0
  1741 | D:3      | Learned a level 2 spell: Lesser Beckoning
  1936 | D:3      | Reached skill level 2 in Fighting
  2021 | D:3      | Found Vebiem's Weapon Emporium.
  2444 | D:4      | Noticed a lemure
  2445 | D:4      | Noticed a lemure
  2446 | D:4      | Noticed Pikel
  2480 | D:4      | Killed a lemure
  2480 | D:4      | Killed a lemure
  2490 | D:4      | Killed Pikel
  2491 | D:4      | Reached skill level 4 in Fighting
  2491 | D:4      | Reached skill level 5 in Spellcasting
  2491 | D:4      | Reached skill level 5 in Conjurations
  2491 | D:4      | Reached skill level 5 in Hexes
  2491 | D:4      | Reached skill level 5 in Summonings
  2491 | D:4      | Reached skill level 5 in Necromancy
  2491 | D:4      | Reached skill level 5 in Translocations
  2491 | D:4      | Reached skill level 5 in Fire Magic
  2491 | D:4      | Reached skill level 5 in Ice Magic
  2491 | D:4      | Reached skill level 5 in Air Magic
  2491 | D:4      | Reached skill level 5 in Earth Magic
  2491 | D:4      | Reached skill level 5 in Alchemy
  2491 | D:4      | Reached XP level 6. HP: 21/48 MP: 0/0
  2491 | D:4      | Reached XP level 7. HP: 23/53 MP: 0/0
  2491 | D:4      | Learned a level 3 spell: Tukima's Dance
  2705 | D:4      | Reached skill level 5 in Fighting
  2708 | D:4      | Reached skill level 6 in Spellcasting
  2708 | D:4      | Reached skill level 6 in Conjurations
  2708 | D:4      | Reached skill level 6 in Hexes
  2708 | D:4      | Reached skill level 6 in Summonings
  2708 | D:4      | Reached skill level 6 in Necromancy
  2708 | D:4      | Reached skill level 6 in Translocations
  2708 | D:4      | Reached skill level 6 in Fire Magic
  2708 | D:4      | Reached skill level 6 in Ice Magic
  2708 | D:4      | Reached skill level 6 in Air Magic
  2708 | D:4      | Reached skill level 6 in Earth Magic
  2708 | D:4      | Reached skill level 6 in Alchemy
  2750 | D:4      | Reached XP level 8. HP: 56/59 MP: 0/0
  2796 | D:4      | Identified the +5 mace of Impish Fortitude {freeze, +Blink
                  | rN+}
  3248 | D:4      | Noticed Menkaure
  3254 | D:4      | Killed Menkaure
  3440 | D:4      | Reached skill level 6 in Fighting
  3530 | D:5      | Entered Level 5 of the Dungeon
  3632 | D:5      | Found a staircase to the Ecumenical Temple.
  4102 | D:5      | Reached skill level 7 in Spellcasting
  4102 | D:5      | Reached skill level 7 in Conjurations
  4102 | D:5      | Reached skill level 7 in Hexes
  4102 | D:5      | Reached skill level 7 in Summonings
  4102 | D:5      | Reached skill level 7 in Necromancy
  4102 | D:5      | Reached skill level 7 in Translocations
  4102 | D:5      | Reached skill level 7 in Fire Magic
  4102 | D:5      | Reached skill level 7 in Ice Magic
  4102 | D:5      | Reached skill level 7 in Air Magic
  4102 | D:5      | Reached skill level 7 in Earth Magic
  4102 | D:5      | Reached skill level 7 in Alchemy
  4102 | D:5      | Reached XP level 9. HP: 34/67 MP: 0/0
  4102 | D:5      | Learned a level 4 spell: Vhi's Electric Charge
  4263 | D:5      | Reached skill level 7 in Fighting
  4770 | D:6      | Reached skill level 8 in Fighting
  4955 | D:6      | Found a glowing silver altar of Zin.
  5725 | D:7      | Found a runed translucent door.
  5726 | D:7      | Noticed Crazy Yiuf
  5770 | D:7      | Found a broken altar of Ashenzari.
  5779 | D:7      | Reached skill level 8 in Spellcasting
  5779 | D:7      | Reached skill level 8 in Conjurations
  5779 | D:7      | Reached skill level 8 in Hexes
  5779 | D:7      | Reached skill level 8 in Summonings
  5779 | D:7      | Reached skill level 8 in Necromancy
  5779 | D:7      | Reached skill level 8 in Translocations
  5779 | D:7      | Reached skill level 8 in Fire Magic
  5779 | D:7      | Reached skill level 8 in Ice Magic
  5779 | D:7      | Reached skill level 8 in Air Magic
  5779 | D:7      | Reached skill level 8 in Earth Magic
  5779 | D:7      | Reached skill level 8 in Alchemy
  5961 | D:7      | Reached skill level 9 in Fighting
  5961 | D:7      | Reached XP level 10. HP: 70/78 MP: 0/0
  6175 | D:7      | Noticed Jeremiah
  6195 | D:7      | Killed Jeremiah
  6448 | D:8      | Found a flagged portal.
  6455 | Bailey   | Entered a bailey
  6591 | Bailey   | Reached skill level 10 in Fighting
  6771 | Bailey   | Reached skill level 9 in Spellcasting
  6771 | Bailey   | Reached skill level 9 in Conjurations
  6771 | Bailey   | Reached skill level 9 in Hexes
  6771 | Bailey   | Reached skill level 9 in Summonings
  6771 | Bailey   | Reached skill level 9 in Necromancy
  6771 | Bailey   | Reached skill level 9 in Translocations
  6771 | Bailey   | Reached skill level 9 in Fire Magic
  6771 | Bailey   | Reached skill level 9 in Ice Magic
  6771 | Bailey   | Reached skill level 9 in Air Magic
  6771 | Bailey   | Reached skill level 9 in Earth Magic
  6771 | Bailey   | Reached skill level 9 in Alchemy
  6811 | Bailey   | Noticed Prince Ribbit
  6811 | Bailey   | Noticed a vault guard
  6828 | Bailey   | Killed Prince Ribbit
  6858 | Bailey   | Killed a vault guard
  7139 | Bailey   | Noticed a vault guard
  7197 | Bailey   | Killed a vault guard
  7198 | Bailey   | Reached skill level 11 in Fighting
  7198 | Bailey   | Reached XP level 11. HP: 71/87 MP: 0/0
  7198 | Bailey   | Learned a level 4 spell: Animate Dead
  7534 | D:8      | Identified a scroll of acquirement
  7535 | D:8      | Acquired a manual of Fighting
  7742 | D:8      | Found a runed translucent gate.
  7742 | D:8      | Found a runed translucent gate.
  7742 | D:8      | Found an opulent altar of Gozag.
  7743 | D:8      | Found a runed translucent gate.
  7745 | D:8      | Noticed a tengu warrior
  7745 | D:8      | Noticed TheLasagnaBaron's ghost (novice GrEE)
  7746 | D:8      | Noticed a catoblepas
  8034 | D:8      | Found a staircase to the Lair.
  8242 | D:8      | Found a shimmering altar of Xom.
  8603 | D:8      | Reached skill level 12 in Fighting
  8769 | D:9      | Found a sparkling altar of Nemelex Xobeh.
  8769 | D:9      | Found a hide-covered altar of Uskayaw.
  8797 | D:9      | Reached skill level 10 in Spellcasting
  8797 | D:9      | Reached skill level 10 in Conjurations
  8797 | D:9      | Reached skill level 10 in Hexes
  8797 | D:9      | Reached skill level 10 in Summonings
  8797 | D:9      | Reached skill level 10 in Necromancy
  8797 | D:9      | Reached skill level 10 in Translocations
  8797 | D:9      | Reached skill level 10 in Fire Magic
  8797 | D:9      | Reached skill level 10 in Ice Magic
  8797 | D:9      | Reached skill level 10 in Air Magic
  8797 | D:9      | Reached skill level 10 in Earth Magic
  8797 | D:9      | Reached skill level 10 in Alchemy
  8919 | D:9      | Found a sacrificial altar of Ru.
  9221 | D:9      | Noticed Erolcha
  9233 | D:9      | Killed Erolcha
  9234 | D:9      | Reached skill level 13 in Fighting
  9586 | D:9      | Found Xapoxymo's Antique Armour Emporium.
  9998 | D:10     | Entered Level 10 of the Dungeon
 10205 | D:10     | You are sucked into a shaft and drop 1 floor!
 10205 | D:11     | Found Peitif's Weapon Emporium.
 10716 | D:10     | Reached skill level 14 in Fighting
 11293 | D:10     | Reached XP level 12. HP: 93/100 MP: 0/0
 11317 | D:10     | Found a glowing golden altar of the Shining One.
 11588 | D:10     | Found a snail-covered altar of Cheibriados.
 11718 | D:11     | Found a transporter.
 11723 | D:11     | Noticed a two-headed ogre
 11726 | D:11     | Noticed Sirjeffry24's ghost (journeyman MiFi)
 11731 | D:11     | Noticed a centaur warrior
 11820 | D:11     | Noticed a boulder beetle
 11870 | D:12     | Reached skill level 11 in Spellcasting
 11870 | D:12     | Reached skill level 11 in Conjurations
 11870 | D:12     | Reached skill level 11 in Hexes
 11870 | D:12     | Reached skill level 11 in Summonings
 11870 | D:12     | Reached skill level 11 in Necromancy
 11870 | D:12     | Reached skill level 11 in Translocations
 11870 | D:12     | Reached skill level 11 in Fire Magic
 11870 | D:12     | Reached skill level 11 in Ice Magic
 11870 | D:12     | Reached skill level 11 in Air Magic
 11870 | D:12     | Reached skill level 11 in Earth Magic
 11870 | D:12     | Reached skill level 11 in Alchemy
 12121 | D:12     | Found Katra's Armour Shop.
 12130 | D:12     | Bought a +2 helmet of see invisible for 279 gold pieces
 12192 | D:12     | Noticed Frances
 12464 | D:12     | Noticed Lodul
 12480 | D:12     | Noticed Fannar
 12486 | D:12     | Noticed Rupert
 12626 | D:11     | Reached skill level 15 in Fighting
 12950 | D:11     | Found a transporter.
 13092 | Lair:1   | Entered Level 1 of the Lair of Beasts
 14379 | Lair:1   | Noticed a catoblepas
 14401 | Lair:1   | Killed a catoblepas
 14402 | Lair:1   | Reached skill level 16 in Fighting
 14676 | Lair:1   | Found a transporter.
 14677 | Lair:1   | Found a transporter.
 14680 | Lair:1   | Noticed a boulder beetle
 14691 | Lair:1   | Noticed Erica
 14710 | Lair:1   | Killed Erica
 14879 | Lair:1   | Noticed Grum
 14892 | Lair:1   | Killed Grum
 15070 | Lair:1   | Noticed a death yak
 15460 | Lair:1   | Found a runed translucent gate.
 15460 | Lair:1   | Found a runed translucent gate.
 15460 | Lair:1   | Found a runed translucent gate.
 15462 | Lair:1   | Noticed Gryn's ghost (journeyman FoHu)
 15463 | Lair:1   | Noticed a ten-headed hydra
 15496 | Lair:1   | Reached skill level 12 in Spellcasting
 15496 | Lair:1   | Reached skill level 12 in Conjurations
 15496 | Lair:1   | Reached skill level 12 in Hexes
 15496 | Lair:1   | Reached skill level 12 in Summonings
 15496 | Lair:1   | Reached skill level 12 in Necromancy
 15496 | Lair:1   | Reached skill level 12 in Translocations
 15496 | Lair:1   | Reached skill level 12 in Fire Magic
 15496 | Lair:1   | Reached skill level 12 in Ice Magic
 15496 | Lair:1   | Reached skill level 12 in Air Magic
 15496 | Lair:1   | Reached skill level 12 in Earth Magic
 15496 | Lair:1   | Reached skill level 12 in Alchemy
 15496 | Lair:1   | Reached XP level 13. HP: 62/111 MP: 0/0
 15496 | Lair:1   | Learned a level 5 spell: Freezing Cloud
 16243 | Lair:2   | Noticed an eight-headed hydra
 16253 | Lair:2   | Killed an eight-headed hydra
 16254 | Lair:2   | Reached skill level 17 in Fighting
 16931 | Lair:2   | Found a transporter.
 16937 | Lair:2   | Noticed retardedninja's ghost (journeyman MDFi)
 16950 | Lair:2   | Found a transporter.
 17771 | Lair:3   | Noticed Gastronok
 17809 | Lair:3   | Killed Gastronok
 17954 | Lair:3   | Found a runed translucent door.
 17957 | Lair:3   | Noticed Tacw's ghost (journeyman MeSh)
 18022 | Lair:3   | Found a staircase to the Swamp.
 18537 | Lair:3   | Found a hole to the Spider Nest.
 19210 | Lair:4   | Reached skill level 13 in Spellcasting
 19210 | Lair:4   | Reached skill level 13 in Conjurations
 19210 | Lair:4   | Reached skill level 13 in Hexes
 19210 | Lair:4   | Reached skill level 13 in Summonings
 19210 | Lair:4   | Reached skill level 13 in Necromancy
 19210 | Lair:4   | Reached skill level 13 in Translocations
 19210 | Lair:4   | Reached skill level 13 in Fire Magic
 19210 | Lair:4   | Reached skill level 13 in Ice Magic
 19210 | Lair:4   | Reached skill level 13 in Air Magic
 19210 | Lair:4   | Reached skill level 13 in Earth Magic
 19210 | Lair:4   | Reached skill level 13 in Alchemy
 19282 | Lair:4   | Reached skill level 18 in Fighting
 20077 | Lair:4   | Reached XP level 14. HP: 97/121 MP: 0/0
 20677 | Lair:5   | Entered Level 5 of the Lair of Beasts
 21547 | Lair:5   | Slain by a komodo dragon

Vanquished Creatures
  Gastronok (Lair:3)
  2 vault guards (Bailey)
  A catoblepas (Lair:1)
  Erica (Lair:1)
  2 death yaks (Lair:4)
  Pikel (D:4)
  8 elephants
  A black mamba (Lair:4)
  A torpor snail (Lair:5)
  Jeremiah (D:7)
  3 cane toads
  An unseen horror (D:12)
  5 komodo dragons
  A kobold demonologist (D:9)
  2 rime drakes
  A troll (D:10)
  Prince Ribbit (Bailey)
  14 blink frogs
  A dream sheep (Lair:5)
  18 yaks
  4 shadows
  A wraith (D:9)
  A basilisk (Lair:1)
  A fire bat (D:8)
  2 humans (Bailey)
  2 steam dragons
  Grum (Lair:1)
  4 vampire mosquitoes (D:11)
  3 acid dragons
  10 water moccasins
  2 black bears
  4 orc warriors
  A sky beast (D:6)
  An ogre (D:6)
  15 wolves
  8 centaurs
  A lemure (D:4)
  A phantom (D:6)
  2 kobold brigands
  A gnoll sergeant (D:6)
  19 bullfrogs
  4 scorpions
  9 wights
  5 killer bees (D:10)
  A howler monkey (D:5)
  An electric eel (Lair:2)
  7 hounds
  3 bombardier beetles
  A jelly (D:7)
  8 orc priests
  2 iguanas
  A sleepcap (D:6)
  11 orc wizards
  3 gnolls
  11 adders
  2 shadow imps (D:7)
  2 ufetubi (D:7)
  4 ribbon worms
  2 dart slugs
  23 orcs
  6 ball pythons
  3 bats
  7 endoplasms
  4 giant cockroaches
  5 goblins
  8 hobgoblins
  4 jackals (D:1)
  4 quokkas
  3 frilled lizards
  22 kobolds
  9 rats
325 creatures vanquished.

Vanquished Creatures (collateral kills)
  A hydra (Lair:2)
  Erolcha (D:9)
  A death yak (Lair:4)
  4 elephants
  A black mamba (Lair:3)
  2 cane toads
  5 komodo dragons
  A dream sheep (Lair:5)
  6 yaks
  A wyvern (D:9)
  Menkaure (D:4)
  2 ice beasts
  A black bear (Lair:1)
  4 wolves
  A centaur (D:8)
  A lemure (D:4)
  3 wights (D:8)
  A killer bee (D:10)
  An orc priest (D:11)
  An iguana (D:6)
  A gnoll (D:6)
40 creatures vanquished.

Grand Total: 365 creatures vanquished

Table legend: (Time is in decaauts)
 A = Elapsed time spent in this place.
 B = Non-inter-level travel time spent in this place.
 C = Inter-level travel time spent in this place.
 D = Time resting spent in this place.
 E = Time spent auto-exploring this place.
 F = Levels seen in this place.
 G = Mean time per level.
                   A        B        C        D        E       F      G
               +--------+--------+--------+--------+--------+-----+--------+
         Total |  21613 |  21177 |    436 |   3595 |  14240 |  18 | 1200.7 |
       Dungeon |  12924 |  12532 |    392 |   1394 |   9338 |  12 | 1077.0 |
          Lair |   7745 |   7701 |     44 |   1581 |   4807 |   5 | 1549.0 |
        Bailey |    943 |    943 |      0 |    620 |     95 |   1 |  943.0 |
               +--------+--------+--------+--------+--------+-----+--------+

Top non-repeatable levels by time:
  Lair:4: 2369 daAuts
  Lair:1: 2293 daAuts
     D:8: 2071 daAuts
  Lair:2: 1522 daAuts
    D:10: 1510 daAuts
     D:9: 1475 daAuts
  Lair:3: 1383 daAuts
     D:4: 1116 daAuts
     D:1: 1091 daAuts
     D:7: 1034 daAuts
     D:6: 983 daAuts
  Bailey: 943 daAuts
     D:5: 889 daAuts
     D:3: 846 daAuts
    D:12: 758 daAuts

Table legend:
 A = Non-vault XP
 B = Vault XP
 C = Vault XP percentage of total XP
 D = Non-vault monster count
 E = Vault monster count
 F = Vault count percentage of total count
                 A         B        C        D         E       F
            +---------+---------+-------+---------+---------+-------
      Total |   37866 |   12399 |  24.7 |     307 |      56 |  15.4
            +---------+---------+-------+---------+---------+-------
        D:1 |      55 |       0 |   0.0 |      19 |       0 |   0.0
        D:2 |      31 |       0 |   0.0 |      13 |       0 |   0.0
        D:3 |     117 |       0 |   0.0 |      20 |       0 |   0.0
        D:4 |     393 |     840 |  68.1 |      27 |       2 |   6.9
        D:5 |     689 |       0 |   0.0 |      10 |       0 |   0.0
        D:6 |    1052 |       0 |   0.0 |      19 |       0 |   0.0
        D:7 |     876 |     407 |  31.7 |      17 |       1 |   5.6
        D:8 |    2725 |     284 |   9.4 |      26 |       3 |  10.3
        D:9 |    2640 |     888 |  25.2 |      32 |       5 |  13.5
       D:10 |    2299 |     302 |  11.6 |      24 |       1 |   4.0
       D:11 |    1424 |     166 |  10.4 |       8 |       5 |  38.5
       D:12 |     502 |       0 |   0.0 |       2 |       0 |   0.0
     Lair:1 |    7310 |    1484 |  16.9 |      24 |       6 |  20.0
     Lair:2 |    6364 |     747 |  10.5 |      23 |       2 |   8.0
     Lair:3 |    4406 |    1425 |  24.4 |      21 |       1 |   4.5
     Lair:4 |    6477 |       0 |   0.0 |      21 |       0 |   0.0
     Lair:5 |     506 |    2434 |  82.8 |       1 |       9 |  90.0
     Bailey |       0 |    3422 | 100.0 |       0 |      21 | 100.0
            +---------+---------+-------+---------+---------+-------
